 Dungeon Crawl Stone Soup version 0.31-a0-4-gefa6de2278 (webtiles) character file.

Game seed: 1368825194425387270

105 Anon1729 the Chopper (level 4, -6/41 HPs)
             Began as a Minotaur Monk on May 3, 2023.
             Mangled by a gnoll
             ... wielding a +0 spear
              (8 damage)
             ... on level 2 of the Dungeon.
             The game lasted 00:01:21 (1030 turns).

Anon1729 the Chopper (Minotaur Monk)                Turns: 1030, Time: 00:01:22

Health: -6/41      AC:  4    Str: 17    XL:     4   Next: 53%
Magic:  3/3        EV: 12    Int:  7    God:
Gold:   52         SH:  0    Dex: 13    Spells: 3/3 levels left

rFire   . . .        a - +0 hand axe
rCold   . . .        d - orb {light}
rNeg    . . .        h - +0 leather armour
rPois   .            (helmet restricted)
rElec   .            (no cloak)
rCorr   .            f - +0 pair of gloves
SInv    .            (no boots)
Will    .....        k - amulet of regeneration
Stlth   +            (no ring)
HPRegen 1.06/turn    (no ring)
MPRegen 0.08/turn

%: no passive effects
@: glowing
A: horns 2, retaliatory headbutt
a: no special abilities


You were on level 2 of the Dungeon.
You visited 1 branch of the dungeon, and saw 3 of its levels.

You collected 52 gold pieces.

Inventory:

Hand Weapons
 a - a +0 hand axe (weapon)
Armour
 b - a +0 robe
 d - an orb of light (worn)
 f - a +0 pair of gloves (worn)
 h - a +0 leather armour (worn)
Jewellery
 k - an amulet of regeneration (around neck)
Scrolls
 j - a scroll of amnesia {unknown}
 m - 3 scrolls of fear {unknown}
 n - a scroll of summoning {unknown}
 o - a scroll of noise {unknown}
 p - a scroll of teleportation {unknown}
 q - a scroll of vulnerability {unknown}
 r - a scroll of enchant weapon {unknown}
Potions
 c - a potion of ambrosia
 e - a potion of mutation {unknown}
 g - a potion of flight {unknown}
 i - 3 potions of curing {unknown}
 l - a potion of brilliance {unknown}


   Skills:
 + Level 4.5 Fighting
 * Level 5.2 Axes
 + Level 2.3 Armour
 - Level 3.2 Dodging


You had 3 spell levels left.
You didn't know any spells.
Your spell library was empty.

Dungeon Overview and Level Annotations

Branches:
Dungeon (3/15)

Altars:
Dithmenos


Innate Abilities, Weirdness & Mutations

You have a pair of horns on your head.
You reflexively headbutt those who attack you in melee.


Message History

A gnoll comes into view. It is wielding a +0 spear.
You closely miss the jackal. You headbutt the jackal.
You kill the jackal!
You hit the jackal but do no damage. The jackal barely misses you.
You furiously retaliate!
You headbutt the jackal!
You kill the jackal!
You closely miss the jackal. The jackal misses you.
A gnoll comes into view. It is wielding a +0 halberd.
The jackal completely misses you.
The gnoll shouts!
You hit the jackal.
You headbutt the jackal, but do no damage.
The jackal is severely wounded.
The jackal barely misses you. You furiously retaliate!
You headbutt the jackal!
You kill the jackal!
A gnoll comes into view. It is wielding a +0 halberd.
The gnoll shouts!
Things that are here:
a jackal corpse; a jackal corpse; a jackal corpse A gnoll comes into view.
It is wielding a +0 spear.
The gnoll shouts!
The gnoll hits you with a +0 spear.
Nothing quivered!
Nothing quivered!
Okay, then.
You hit the gnoll but do no damage. The gnoll closely misses you.
You hit the gnoll.
The gnoll is heavily wounded.
The gnoll closely misses you. The gnoll barely misses you.
You barely miss the gnoll.
The gnoll is heavily wounded.
The gnoll hits you from afar with a +0 halberd.
The gnoll hits you from afar with a +0 halberd!
The gnoll hits you with a +0 spear.
You hit the gnoll but do no damage.
The gnoll is heavily wounded.
The gnoll hits you from afar with a +0 halberd! x2
* * * LOW HITPOINT WARNING * * *
The gnoll hits you with a +0 spear!
You die...

#.# # #. ##'##
#.#### ##...##
#....# ##>....##
....## #.......#
#g...####..)......#
gg.....+.........+
#...# #.........#
###@g######.......##
#.††....# ##.....##
#.#.###.# ##...##
#...)# # #+## #....#
# # # #....##.#
#.#####
#.......######.##...
####.#####.........#
#.#####.........#


You could see 4 gnolls.

Vanquished Creatures
  3 gnolls (D:3)
  3 adders
  A dart slug (D:3)
  3 endoplasms
  A giant cockroach (D:3)
  7 goblins
  5 hobgoblins
  4 jackals (D:2)
  3 kobolds (D:1)
  3 quokkas
  4 ball pythons
  4 frilled lizards
  3 rats
44 creatures vanquished.

Notes
Turn   | Place    | Note
-------+----------+-------------------------------------------
     0 | D:1      | Anon1729 the Minotaur Monk began the quest for the Orb.
     0 | D:1      | Reached XP level 1. HP: 19/19 MP: 0/0
    61 | D:1      | Reached skill level 4 in Axes
   129 | D:1      | Reached XP level 2. HP: 27/27 MP: 1/1
   184 | D:1      | Reached skill level 1 in Armour
   197 | D:1      | Found a faded altar of an unknown god.
   564 | D:2      | You fall into a shaft and drop 1 floor!
   564 | D:3      | Found a shadowy altar of Dithmenos.
   616 | D:3      | Reached XP level 3. HP: 28/33 MP: 2/2
   695 | D:3      | Reached XP level 4. HP: 40/40 MP: 3/3
   739 | D:3      | Reached skill level 5 in Axes
  1030 | D:2      | HP: 2/41 [gnoll/+0 halberd (11)]
  1030 | D:2      | Mangled by a gnoll

Illustrated notes

Levels and vault maps discovered:
D:1:      dpeg_arrival_simpleton_a, layout_rooms,
          ebering_ecumenical_altar_abandoned,
          wander_ebering_terrifying_dragon_lair
D:2:      layout_loops_corners
D:3:      layout_rooms, nicolae_dithmenos_shadow_blocks

Skill      XL: |  1  2  3  4 |
---------------+-------------+-----
Axes           | 4 5 |  5.2
Armour         | 1 2 |  2.3
Fighting       | 4 |  4.5
Dodging        | |  3.2

Action                     |  1- 3 |  4- 6 || total
---------------------------+-------+-------++-------
  Melee: Hand axe          |    51 |    22 ||    73
         Headbutt          |     6 |     6 ||    12
 Armour: Robe              |     3 |       ||     3
         Leather armour    |     9 |     5 ||    14
  Dodge: Dodged            |    27 |    14 ||    41

Table legend: (Time is in decaauts)
 A = Elapsed time spent in this place.
 B = Non-inter-level travel time spent in this place.
 C = Inter-level travel time spent in this place.
 D = Time resting spent in this place.
 E = Time spent auto-exploring this place.
 F = Levels seen in this place.
 G = Mean time per level.
                   A        B        C        D        E       F      G
               +--------+--------+--------+--------+--------+-----+--------+
         Total |   1034 |    991 |     43 |      0 |    748 |   3 |  344.7 |
       Dungeon |   1034 |    991 |     43 |      0 |    748 |   3 |  344.7 |
               +--------+--------+--------+--------+--------+-----+--------+

Top non-repeatable levels by time:
     D:1: 491 daAuts
     D:3: 370 daAuts
     D:2: 172 daAuts
